 Dungeon Sprint DCSS version 0.31-a0-845-g9abc20d24f (webtiles) character file.

Game seed: 12144152714959767262

20 Danienth the Scholar of Death (level 5, -3/43 HPs)
             Began as a Demonspawn Necromancer on Oct 2, 2023.
             Was a Follower of Kikubaaqudgha.
             Slain by a hellwing (16 damage)
             ... in the Dungeon (Sprint VI: "Thunderdome").
             The game lasted 00:13:48 (419 turns).

Danienth the Scholar of Death (DsNe)                 Turns: 419, Time: 00:13:50

Health: -3/43      AC:  2    Str:  8    XL:     5   Next: 21%
Magic:  13/13      EV: 13    Int: 19    God:    Kikubaaqudgha [*.....]
Gold:   35         SH:  4    Dex: 13    Spells: 5/15 levels left

rFire   . . .        f - +0 sling (freeze)
rCold   . . .        (no shield)
rNeg    . . .        a - +0 robe
rPois   .            (no helmet)
rElec   .            (no cloak)
rCorr   .            (no gloves)
SInv    +            (no boots)
Will    .....        b - amulet "Mairph" {RegenMP SInv}
Stlth   ++           (no ring)
HPRegen 0.27/turn    (no ring)
MPRegen 0.53/turn

%: no teleportation
@: animating dead (expiring), hasted, very quick
A: large bone plates 1, demonic magic 1
a: Renounce Religion, Unearth Wretches


You were in the Dungeon.
You worshipped Kikubaaqudgha.
Kikubaaqudgha was aware of your devotion.
You visited 1 branch You collected 240 gold pieces.
You spent 205 gold pieces at shops.

Inventory:

Hand Weapons
 f - a +0 sling of freezing (weapon)
Armour
 a - a +0 robe (worn)
Jewellery
 b - the amulet "Mairph" (around neck) {RegenMP SInv}
   (You bought it in a shop in the Dungeon)

   [amulet of magic regeneration]

   RegenMP:   It increases your rate of magic regeneration.
   SInv:      It lets you see invisible.
 l - the ring "Honoowk" {rElec rCorr Int-2 Dex+6 Stlth+}
   (You bought it in a shop in the Dungeon)

   [ring of dexterity]

   Int-2:     It affects your intelligence (-2).
   Dex+6:     It affects your dexterity (+6).
   rElec:     It insulates you from electricity.
   rCorr:     It protects you from acid and corrosion.
   Stlth+:    It makes you more stealthy.
 m - the ring of Sonad {Contam rN+ EV+5 Dex+8}
   (You bought it in a shop in the Dungeon)

   [ring of evasion]

   EV+5:      It affects your evasion (+5).
   Dex+8:     It affects your dexterity (+8).
   rN+:       It protects you from negative energy.
   Contam:    It causes magical contamination when unequipped.
Wands
 i - a wand of light (5)
Scrolls
 g - 2 scrolls of blinking
 k - 3 scrolls of fog
Potions
 c - a potion of curing
 d - a potion of heal wounds
 e - 2 potions of haste
 h - a potion of resistance


   Skills:
 * Level 4.7 Fighting
 * Level 3.7 Ranged Weapons
 - Level 3.7 Dodging
 - Level 2.6 Stealth
 - Level 1.0 Shields
 + Level 5.5 Spellcasting
 + Level 6.0 Necromancy
 - Level 1.0 Evocations


You had 5 spell levels left.
You knew the following spells:

 Your Spells              Type           Power      Damage    Failure   Level
a - Necrotise             Necr           100%       1d9       1%          1
b - Vampiric Draining     Necr           28%        2d8       3%          3
c - Animate Dead          Necr           28%        N/A       10%         4
d - Cigotuvi's Dreadful   Necr/Pois/Air  24%        N/A       8%          2

Your spell library contained the following spells:

 Spells                   Type           Power      Damage    Failure   Level
 Sublimation of Blood     Necr           28%        N/A       1%          2
 Agony                    Necr           28%        N/A       26%         5


Dungeon Overview and Level Annotations

Branches:
Dungeon (1/1)

Altars:
Cheibriados
Dithmenos
Fedhas
Gozag
Kikubaaqudgha
Makhleb
Okawaru
Qazlal
Ru
Sif Muna
Trog
Uskayaw
Vehumet
Wu Jian
Xom
Yredelemnul
Lugonu

Shops:
D *[=??*?*:[((!!!!


Innate Abilities, Weirdness & Mutations

You are partially covered in large bone plates. (SH +4)
Spells you cast may paralyse adjacent enemies.


Message History

You shoot a sling bullet.
The sling bullet closely misses the hellwing.
The hellwing misses you. The hellwing hits you.
Your ball python zombie bites the hellwing but does no damage.
Your black bear zombie closely misses the hellwing. x2
Your black bear zombie claws the hellwing but does no damage.
You shoot a sling bullet.
The sling bullet hits the hellwing but does no damage.
The hellwing is moderately wounded.
Your reaping aura is weakening.
The hellwing hits you! The hellwing hits you.
Your ball python zombie bites the hellwing but does no damage.
You are too injured to fight recklessly!
You are too injured to fight recklessly!
Fire: f) +0 sling (freeze)
Press: ? - help, Shift-Dir - straight line, f/p - hellwing
Aim: a hellwing (moderately wounded, ally target, 57% to hit)
You shoot a sling bullet.
The sling bullet barely misses the hellwing.
Your black bear zombie bites the hellwing.
Your black bear zombie claws the hellwing but does no damage.
Your black bear zombie claws the hellwing.
The hellwing hits you! The hellwing barely misses you.
Fire: f) +0 sling (freeze)
Press: ? - help, Shift-Dir - straight line, f/p - hellwing
Aim: a hellwing (moderately wounded, ally target, 57% to hit)
You shoot a sling bullet.
The sling bullet barely misses the hellwing.
Your ball python zombie closely misses the hellwing.
Your black bear zombie bites the hellwing but does no damage.
Your black bear zombie closely misses the hellwing. x2
Fire: f) +0 sling (freeze)
Press: ? - help, Shift-Dir - straight line, f/p - hellwing
Aim: a hellwing (moderately wounded, ally target, 57% to hit)
You shoot a sling bullet.
The sling bullet hits the hellwing but does no damage.
The hellwing is moderately wounded.
The hellwing hits you!
You die...
Kikubaaqudgha rasps: "You have failed me!
Welcome... death!"

#⌠...........⌠#
######.8.........8.##
##∩_._......###......_
###∩........8.# #.8.....
##.............###.......
#⌠..........###...###....
#⌠..........# #.<.# #....
#⌠.....Z4Z..###...###....
##......@†.....###.......
###∩........8.# #.8.....
##∩_._......###......_
######.8.........8.##
#⌠.........†.⌠#
###.........###
#_......._# #_......._#
#_......._#


You could see a hellwing (ally target), a friendly ball python zombie and a
friendly black bear zombie.

Vanquished Creatures
  Pargi (D)
  An orc warrior (D)
  A scorpion (D)
  3 worms (D)
  A giant cockroach (D)
  A ball python (D)
  3 rats (D)
11 creatures vanquished.

Vanquished Creatures (others)
  A black bear (D)
  A giant cockroach (D)
  A rat zombie (D)
3 creatures vanquished.

Grand Total: 14 creatures vanquished

Notes
Turn   | Place    | Note
-------+----------+-------------------------------------------
     0 | D        | Danienth the Demonspawn Necromancer began the quest for the
                  | Orb.
     0 | D        | Reached XP level 1. HP: 13/13 MP: 3/3
     1 | D        | Found a sacrificial altar of Ru.
     1 | D        | Found an ancient bone altar of Kikubaaqudgha.
     3 | D        | Found a stormy altar of Qazlal.
     4 | D        | Found an ornate altar of the Wu Jian Council.
     4 | D        | Found a burning altar of Makhleb.
     4 | D        | Found Vemysio's Staff Store.
     4 | D        | Found Heateis's Magic Scroll Shop.
     5 | D        | Found Roaf's Distillery.
     5 | D        | Found Xahoy's Must-Have Magic.
     5 | D        | Found Gehiwoh's Magic Scroll Shop.
     5 | D        | Round 1.
     9 | D        | Became a worshipper of Kikubaaqudgha
    24 | D        | Found a corrupted altar of Lugonu.
    50 | D        | Reached skill level 1 in Fighting
   109 | D        | Reached * piety under Kikubaaqudgha
   109 | D        | Received a gift from Kikubaaqudgha
   110 | D        | Gained mutation: You are partially covered in large bone
                  | plates. (SH +4) [demonic ancestry]
   110 | D        | Reached XP level 2. HP: 21/21 MP: 0/6
   136 | D        | Noticed a scorpion
   145 | D        | Found Nexaoschass's Jewellery.
   145 | D        | Found a bloodstained altar of Trog.
   145 | D        | Found Zipliek's Timeless Talismans.
   145 | D        | Found Jitaudgh's Advanced Armour.
   145 | D        | Found a hide-covered altar of Uskayaw.
   145 | D        | Found a shimmering altar of Xom.
   145 | D        | Found Ipsann's Identification Station.
   151 | D        | Bought a twitching garnet amulet for 45 gold pieces
   151 | D        | Identified the amulet "Mairph" {RegenMP SInv} (You bought
                  | it in a shop in the Dungeon)
   151 | D        | Bought a sparkling steel ring for 45 gold pieces
   151 | D        | Identified the ring "Honoowk" {rElec rCorr Int-2 Dex+6
                  | Stlth+} (You bought it in a shop in the Dungeon)
   151 | D        | Bought a steaming brass ring for 45 gold pieces
   151 | D        | Identified the ring of Sonad {Contam rN+ EV+5 Dex+8} (You
                  | bought it in a shop in the Dungeon)
   156 | D        | Found a shimmering blue altar of Sif Muna.
   156 | D        | Found a radiant altar of Vehumet.
   156 | D        | Found an opulent altar of Gozag.
   156 | D        | Found Tinesm's Premium Goods.
   157 | D        | Killed a scorpion
   158 | D        | Reached skill level 5 in Spellcasting
   158 | D        | Reached skill level 1 in Evocations
   158 | D        | Gained mutation: Spells you cast may paralyse adjacent
                  | enemies. [demonic ancestry]
   158 | D        | Reached XP level 3. HP: 20/29 MP: 1/9
   171 | D        | Arena points: 12 (+12) [x2]
   172 | D        | Reached XP level 4. HP: 35/35 MP: 1/11
   189 | D        | Found Xoiw's Miscellaneous Merchandise.
   189 | D        | Found Hydeupau's Basic Armour.
   190 | D        | Found a blossoming altar of Fedhas.
   190 | D        | Found a basalt altar of Yredelemnul.
   190 | D        | Found Ronoykya's Weapon Rack.
   210 | D        | Bought a +0 sling of freezing for 70 gold pieces
   214 | D        | Round 2.
   215 | D        | Learned a level 3 spell: Vampiric Draining
   220 | D        | Learned a level 4 spell: Animate Dead
   224 | D        | Reached ** piety under Kikubaaqudgha
   235 | D        | Noticed Pargi
   256 | D        | Killed Pargi
   257 | D        | Reached skill level 1 in Shields
   257 | D        | Reached skill level 6 in Necromancy
   257 | D        | Reached XP level 5. HP: 25/43 MP: 0/13
   260 | D        | Learned a level 2 spell: Cigotuvi's Dreadful Rot
   326 | D        | Found an iron altar of Okawaru.
   334 | D        | Found a shadowy altar of Dithmenos.
   335 | D        | Found a snail-covered altar of Cheibriados.
   335 | D        | Found Qoh Qie's Do-It-Yourself Clinic.
   336 | D        | Found Oteoxyc's Bottled Wisdom.
   336 | D        | Found Tamits's Distillery.
   363 | D        | Arena points: 20 (+8) [x1]
   378 | D        | Round 3.
   393 | D        | Noticed a hellwing
   419 | D        | Slain by a hellwing

Illustrated notes

Levels and vault maps discovered:
D:        arena_sprint

Skill      XL: |  1  2  3  4 |
---------------+-------------+-----
Fighting       | 1 3 4 |  4.7
Dodging        | 2 3 |  3.7
Stealth        | 2 |  2.6
Spellcasting   | 3 5 |  5.5
Evocations     | 1 |  1.0
Ranged Weapons | 3 |  3.7
Shields        | 1 |  1.0
Necromancy     | 6 |  6.0

Action                     |  1- 3 |  4- 6 || total
---------------------------+-------+-------++-------
  Melee: Unarmed           |     7 |       ||     7
   Fire: Sling             |       |    32 ||    32
   Cast: Necrotise         |    22 |     9 ||    31
         Animate Dead      |       |     1 ||     1
 Invoke: Unearth Wretches  |       |     3 ||     3
  Evoke: Wand              |     5 |       ||     5
    Use: Potion            |     6 |     3 ||     9
         Scroll            |     2 |       ||     2
 Armour: Robe              |     5 |    28 ||    33
  Dodge: Dodged            |     9 |    25 ||    34
  Block: Other             |       |    13 ||    13

Table legend: (Time is in decaauts)
 A = Elapsed time spent in this place.
 B = Non-inter-level travel time spent in this place.
 C = Inter-level travel time spent in this place.
 D = Time resting spent in this place.
 E = Time spent auto-exploring this place.
 F = Levels seen in this place.
 G = Mean time per level.
                   A        B        C        D        E       F      G
               +--------+--------+--------+--------+--------+-----+--------+
         Total |    422 |    348 |     74 |     96 |     82 |   1 |  422.0 |
       Dungeon |    422 |    348 |     74 |     96 |     82 |   1 |  422.0 |
               +--------+--------+--------+--------+--------+-----+--------+

Top non-repeatable levels by time:
       D: 422 daAuts
